 Dungeon Crawl Stone Soup version 0.28.0-43-g3370ac3207 (webtiles) character file.

Game seed: 6825582122207583258

21 pkoi the Chopper (level 2, -4/25 HPs)
             Began as a Minotaur Gladiator on Mar 18, 2022.
             Slain by Sigmund
             ... wielding a +0 scythe
              (11 damage)
             ... on level 2 of the Dungeon.
             The game lasted 00:00:48 (906 turns).

pkoi the Chopper (Minotaur Gladiator)                Turns: 906, Time: 00:00:49

Health: -4/25      AC:  8    Str: 16 (18) XL:     2   Next: 65%
Magic:  1/1        EV:  7    Int:  3 (5)  God:
Gold:   25         SH:  0    Dex:  9 (11) Spells: 1/1 levels left

rFire   . . .      SeeInvis .   a - +0 war axe
rCold   . . .      Faith    .   (no shield)
rNeg    . . .      Spirit   .   f - +0 chain mail
rPois   .          Reflect  .   c - +0 hat
rElec   .          Harm     .   (no cloak)
rCorr   .          Rampage  .   (no gloves)
Will    .....                   (no boots)
Stlth   ..........              (no amulet)
HPRegen 0.08/turn               k - ring of flight
MPRegen 0.07/turn               (no ring)

@: flying, invisible
A: horns 2, retaliatory headbutt
a: no special abilities


You were on level 2 of the Dungeon.
You visited 1 branch of the dungeon, and saw 2 of its levels.

You collected 25 gold pieces.

Inventory:

Hand Weapons
 a - a +0 war axe (weapon)
Missiles
 d - 3 throwing nets (quivered)
Armour
 b - a +0 leather armour
 c - a +0 hat (worn)
 f - a +0 chain mail (worn)
Jewellery
 k - a ring of flight (left hand)
Potions
 i - a potion of brilliance {unknown}
 j - a potion of haste {unknown}


   Skills:
 - Level 2.4 Fighting
 + Level 4.9 Axes
 - Level 2.0 Throwing
 - Level 3.2 Dodging


You had one spell level left.
You didn't know any spells.
Your spell library was empty.

Dungeon Overview and Level Annotations

Branches:
Dungeon (2/15)

Altars:
Wu Jian

Annotations:
D:2 Sigmund


Innate Abilities, Weirdness & Mutations

You have a pair of horns on your head.
You reflexively headbutt those who attack you in melee.


Message History

You closely miss Sigmund. Sigmund hits you but does no damage.
An adder comes into view.
You barely miss Sigmund.
The adder hisses angrily.
Sigmund hits you with a +0 scythe!
* * * LOW HITPOINT WARNING * * *
You closely miss Sigmund.
Unknown command.
You slash Sigmund!
Sigmund is heavily wounded.
Sigmund hits you with a +0 scythe!
* * * LOW HITPOINT WARNING * * *
Unknown command.
You aren't carrying any items that you can evoke.
It was a potion of degeneration.
There was something very wrong with that liquid.
You feel weakened.
You feel dopey.
You feel clumsy. Sigmund casts a spell at you.
You are confused.
It was a potion of flight.
You feel more buoyant.
Sigmund screams, "Die, monster!"
Sigmund casts a spell at you. You resist with significant effort.
The adder bites you.
* * * LOW HITPOINT WARNING * * *
It was a potion of invisibility.
You fade into invisibility!
Sigmund gestures at you while chanting. You resist with significant effort.
The adder barely misses you. The adder barely misses you.
Sigmund casts a spell past the adder.
The adder bites you but does no damage.
You bump into the rock wall.
The adder closely misses you. The adder bites you but does no damage.
Sigmund closely misses you. The adder bites you but does no damage.
You bump into the rock wall.
You feel less confused. The adder closely misses you.
Sigmund hits you from afar with a +0 scythe!
You die...

.................#
.................#
............#....# .
............#..#.# # ..
##########.###.#.#.##..
#.# #.#.....
#.###@.##.#####
#.......(......
######S@#.#####
........# # ..........
..........#
............
........#>...
........#....
........#.....


You could see Sigmund and an adder.

Vanquished Creatures
  A worm (D:2)
  6 bats (D:1)
  3 hobgoblins (D:1)
  2 kobolds (D:1)
  5 ball pythons
  A rat (D:1)
18 creatures vanquished.

Notes
Turn   | Place    | Note
-------+----------+-------------------------------------------
     0 | D:1      | pkoi the Minotaur Gladiator began the quest for the Orb.
     0 | D:1      | Reached XP level 1. HP: 18/18 MP: 0/0
    54 | D:1      | Reached skill level 4 in Axes
   260 | D:1      | Reached XP level 2. HP: 25/25 MP: 1/1
   858 | D:2      | Found an ornate altar of the Wu Jian Council.
   891 | D:2      | Noticed Sigmund
   906 | D:2      | Slain by Sigmund

Illustrated notes

Levels and vault maps discovered:
D:1:      elethiomel_arrival_quiet, layout_rooms
D:2:      layout_basic, basic_altar, uniq_sigmund, uniq_natasha

Skill      XL: |  1 |
---------------+----+-----
Axes           | 4 |  4.9
Fighting       | |  2.4
Throwing       | |  2.0
Dodging        | |  3.2

Action                   || total
-------------------------++-------
Melee: War axe           ||    34
       Headbutt          ||     2
  Use: Potion            ||     3
Armor: Chain mail        ||    19
       Leather armour    ||     3
Dodge: Dodged            ||    18
